 Dungeon Crawl Stone Soup version 0.21-a0-47-g7c8f537 (webtiles) character file.

14 roguesci the Ruffian (level 2, -1/25 HPs)
             Began as a Naga Transmuter on June 8, 2017.
             Slain by a leopard gecko (3 damage)
             ... on level 1 of the Dungeon.
             The game lasted 00:01:06 (657 turns).

roguesci the Ruffian (Naga Transmuter)               Turns: 657, Time: 00:01:08

Health: -1/25      AC:  1    Str: 12    XL:     2   Next: 41%
Magic:  5/5        EV: 10    Int: 13    God:
Gold:   29         SH:  0    Dex: 11    Spells: 4/5 levels left

rFire    . . .     SeeInvis +     - Unarmed
rCold    . . .     Gourm    .   (no shield)
rNeg     . . .     Faith    .   b - +0 robe
rPois    +         Spirit   .   (no helmet)
rElec    .         Reflect  .   (no cloak)
rCorr    .         Harm     .   (no gloves)
MR       .....                  (no barding)
Stlth    ++........             (no amulet)
Regen    0.1/turn               (no ring)
MPRegen  0.1/turn               (no ring)

@: very slow
A: see invisible, deformed body, poison resistance, slowness 2, slow metabolism
1, spit poison 1, AC +0
a: Spit Poison


You were on level 1 of the Dungeon.
You were not hungry.

You visited 1 branch of the dungeon, and saw 1 of its levels.

You collected 29 gold pieces.

Inventory:

Missiles
 a - 12 arrows
Armour
 b - a +0 robe (worn)
Jewellery
 e - a +4 ring of dexterity {unknown}
Scrolls
 h - 2 scrolls of remove curse {unknown}
 i - a scroll of identify {unknown}
Potions
 g - 2 potions of ambrosia {unknown}
Books
 c - a book of Changes

   Spells                             Type                      Level
   a - Beastly Appendage              Transmutation                1
   b - Sticks to Snakes               Transmutation                2
   c - Spider Form                    Transmutation/Poison         3
   d - Ice Form                       Ice/Transmutation            4
   e - Blade Hands                    Transmutation                5
Comestibles
 d - a bread ration
 f - a fruit
 j - a chunk of flesh


   Skills:
 + Level 1.2 Fighting
 * Level 1.8 Dodging
 + Level 1.4 Stealth
 + Level 3.0 Unarmed Combat
 * Level 2.1 Spellcasting
 + Level 2.0 Transmutations


You had 4 spell levels left.
You knew the following spells:

 Your Spells              Type           Power        Failure   Level  Hunger
a - Beastly Appendage     Tmut           #.....       11%         1    ##.....


Dungeon Overview and Level Annotations

Branches:
Dungeon (1/15)

Altars:


Innate Abilities, Weirdness & Mutations

You cannot wear boots.
Your serpentine skin is tough. (AC +0)
You have supernaturally acute eyesight. (SInv)
Armour fits poorly on your strangely shaped body.
Your system is resistant to poisons. (rPois)
You cover ground very slowly.
You have a slow metabolism.
You can spit poison.


Message History

The leopard gecko is heavily wounded.
The leopard gecko bites you.
You barely miss the leopard gecko.
The leopard gecko is heavily wounded.
The leopard gecko misses you. The leopard gecko bites you.
You are too injured to fight recklessly!
You are too injured to fight recklessly!
You barely miss the leopard gecko.
The leopard gecko is heavily wounded.
The leopard gecko bites you.
* * * LOW HITPOINT WARNING * * *
You barely miss the leopard gecko.
The leopard gecko is heavily wounded.
The leopard gecko bites you.
* * * LOW HITPOINT WARNING * * *
The leopard gecko closely misses you. The leopard gecko bites you.
* * * LOW HITPOINT WARNING * * *
The leopard gecko bites you.
You die...

...#.......#....#.##.............
...#>.....)#....#.##.............
...###...###..).#..#.............
#.............#.##.#.รท......)....
#.............#..................
##...###...###..##..............
...........##..............
######.##.##..............
#####.##@##..............
#.....#l...........#.####
#....g.............#.#
#.....#............#
#.....#.........
..........#######'## ..........#
... .....###### .. .....


You could see a leopard gecko and a hobgoblin.

Vanquished Creatures
  A leopard gecko (D:1)
  A ball python (D:1)
  A giant cockroach (D:1)
  2 goblins (D:1)
  A hobgoblin (D:1)
  A bat (D:1)
  2 frilled lizards (D:1)
  2 kobolds (D:1)
  A rat (D:1)
12 creatures vanquished.

Notes
Turn   | Place    | Note
-------+----------+-------------------------------------------
     0 | D:1      | roguesci the Naga Transmuter began the quest for the Orb.
     0 | D:1      | Reached XP level 1. HP: 18/18 MP: 3/3
   145 | D:1      | Reached skill level 1 in Stealth
   325 | D:1      | Reached XP level 2. HP: 22/25 MP: 5/5
   657 | D:1      | Slain by a leopard gecko

Vault maps used:
D:1:      minmay_arrival_open_corners, minmay_hexomino_u4

Skill      XL: |  1 |
---------------+----+-----
Stealth        | 1 |  1.4
Fighting       | |  1.2
Dodging        | |  1.8
Unarmed Combat | |  3.0
Spellcasting   | |  2.1
Transmutations | |  2.0

Action                   || total
-------------------------++-------
Melee: Unarmed           ||    49
 Cast: Beastly Appendage ||     2
 Stab: Sleeping          ||     2
Armor: Robe              ||     4
Dodge: Dodged            ||    23
